IL
NORFOLK TIDES @ ROUND ROCK EXPRESS
07/28/2044
 
TOP OF THE 1ST
Norfolk Tides batting - Pitching for Round Rock Express : RHP Danny Walker
Pitching: RHP Danny Walker
Batting: LHB Tom Edwards 0-0: Ball
1-0: Ball
2-0: Ball
3-0: Called Strike
3-1: Called Strike
3-2: DOUBLE (Groundball, 3L, EV 103.1 MPH)
Batting: SHB Brian Bentz 0-0: Called Strike
0-1: Fly out, F9 (Line Drive, 9, EV 94.4 MPH)
Batting: RHB Mike Hayward 0-0: Ground out U3 (Groundball, 13, EV 91.9 MPH)
Tom Edwards to third
Batting: LHB Josh Downs 0-0: Ball
1-0: Swinging Strike
1-1: Foul Ball, location: 2F
1-2: Strikes out swinging
Top of the 1st over - 0 runs, 1 hit, 0 errors, 1 left on base; Norfolk 0 - Round Rock 0
BOTTOM OF THE 1ST
Round Rock Express batting - Pitching for Norfolk Tides : LHP Ace Ventura
Pitching: LHP Ace Ventura
Batting: RHB Cody Flowers 0-0: Called Strike
0-1: Called Strike
0-2: Reached on error, E2 (Groundball, 2R, EV 63.8 MPH)
Batting: SHB David Simpson 0-0: Ball
1-0: Ball
2-0: SINGLE (Line Drive, 89S, EV 103.1 MPH)
Cody Flowers to second
Batting: RHB Luis Villanueva 0-0: Ball
1-0: Called Strike
1-1: Ball
2-1: Ball
3-1: Fly out, F8 (Line Drive, 8RD, EV 100.0 MPH)
Batting: RHB Orlando Suarez 0-0: Ball
1-0: Ball
2-0: DOUBLE (Groundball, 5L, EV 107.5 MPH)
Cody Flowers scores
David Simpson to third
Runner from 3rd tries for Home, SAFE, throw by LF to home
Batting: RHB Andrew Clarke 0-0: Ball
1-0: Ball
2-0: Ball
3-0: Foul Ball, location: 2F
3-1: Base on Balls
Batting: RHB Jimmy Hammertime 0-0: Grounds into double play, 6-4-3 (Groundball, 6, EV 85.0 MPH)
Bottom of the 1st over - 2 runs, 2 hits, 1 error, 1 left on base; Norfolk 0 - Round Rock 2
TOP OF THE 2ND
Norfolk Tides batting - Pitching for Round Rock Express : RHP Danny Walker
Batting: RHB Chase Cassidy 0-0: Ball
1-0: Called Strike
1-1: Ball
2-1: Foul Ball, location: 2F
2-2: Strikes out swinging
Batting: RHB Sal Espinosa 0-0: Called Strike
0-1: Foul Ball, location: 2F
0-2: Ball
1-2: Ball
2-2: Fly out, F7 (Flyball, 7, EV 80.6 MPH)
Batting: RHB Carlos Talavera 0-0: Ball
1-0: Ball
2-0: Fly out, F7 (Flyball, 7, EV 91.9 MPH)
Top of the 2nd over - 0 runs, 0 hits, 0 errors, 0 left on base; Norfolk 0 - Round Rock 2
BOTTOM OF THE 2ND
Round Rock Express batting - Pitching for Norfolk Tides : LHP Ace Ventura
Batting: RHB Zhi-bin Ou-yang 0-0: Foul Ball, location: 2F
0-1: Ball
1-1: Foul Ball, location: 2F
1-2: Ball
2-2: Foul Ball, location: 2F
2-2: Ball
3-2: Base on Balls
Batting: RHB Rick Concha 0-0: Ball
1-0: Fielders Choice at 2nd, 3-6 (Groundball, 13, EV 79.4 MPH)
Batting: LHB Jeff Densmore 0-0: Called Strike
0-1: Called Strike
0-2: Fly out, F8 (Flyball, 8RXD, EV 78.8 MPH)
Batting: RHB Cody Flowers 0-0: Ball
1-0: Ball
Rick Concha is caught stealing 2nd base 2-4
Bottom of the 2nd over - 0 runs, 0 hits, 0 errors, 0 left on base; Norfolk 0 - Round Rock 2
TOP OF THE 3RD
Norfolk Tides batting - Pitching for Round Rock Express : RHP Danny Walker
Batting: RHB Geoffrey van der Wekken 0-0: Ball
1-0: SOLO HOME RUN (Flyball, 9LD, EV 93.1 MPH), Distance : 348 ft
Batting: RHB R.J. Chapple 0-0: Ball
1-0: Foul Ball, location: 2F
1-1: Called Strike
1-2: Strikes out swinging
Batting: LHB Tom Edwards 0-0: Called Strike
0-1: Ball
1-1: Ball
2-1: Ball
3-1: Foul Ball, location: 2F
3-2: Strikes out looking
Batting: SHB Brian Bentz 0-0: Called Strike
0-1: Called Strike
0-2: Hit by Pitch
Batting: RHB Mike Hayward 0-0: Ball
1-0: Called Strike
Brian Bentz steals 2nd base
1-1: Called Strike
1-2: Reached on error, E6 (Groundball, 56, EV 84.4 MPH)
Brian Bentz to third
Batting: LHB Josh Downs 0-0: Ball
1-0: Ball
2-0: Swinging Strike
2-1: Fly out, F5 (Popup, 5S, EV 79.4 MPH)
Top of the 3rd over - 1 run, 1 hit, 1 error, 2 left on base; Norfolk 1 - Round Rock 2
BOTTOM OF THE 3RD
Round Rock Express batting - Pitching for Norfolk Tides : LHP Ace Ventura
Batting: RHB Cody Flowers 0-0: Ball
1-0: Ball
2-0: Ball
3-0: Base on Balls
Batting: SHB David Simpson 0-0: Ball
1-0: Ball
2-0: Foul Ball, location: 2F
2-1: Reached on error, E5 (Groundball, 56, EV 80.0 MPH)
Cody Flowers to second
Batting: RHB Luis Villanueva 0-0: Grounds into double play, 6-4-3 (Groundball, 6, EV 86.2 MPH)
Cody Flowers to third
Batting: RHB Orlando Suarez 0-0: Foul Ball, location: 2F
0-1: Ball
Wild Pitch!
Cody Flowers scores
1-1: Foul Ball, location: 2F
1-2: SINGLE (Line Drive, 6D, EV 104.4 MPH)
Batting: RHB Andrew Clarke 0-0: Foul Ball, location: 2F
0-1: Ball
1-1: Called Strike
1-2: Foul Ball, location: 2F
1-2: Ball
2-2: Strikes out looking
Bottom of the 3rd over - 1 run, 1 hit, 1 error, 1 left on base; Norfolk 1 - Round Rock 3
TOP OF THE 4TH
Norfolk Tides batting - Pitching for Round Rock Express : RHP Danny Walker
Batting: RHB Chase Cassidy 0-0: Ground out 6-3 (Groundball, 6, EV 80.6 MPH)
Batting: RHB Sal Espinosa 0-0: Ball
1-0: Ball
2-0: SINGLE (Flyball, 8LS, EV 88.8 MPH)
Batting: RHB Carlos Talavera 0-0: Called Strike
0-1: Ball
1-1: Ball
2-1: Foul Ball, location: 2F
2-2: Strikes out swinging
Batting: RHB Geoffrey van der Wekken 0-0: Called Strike
0-1: SINGLE (Groundball, 34D, EV 98.8 MPH)
Sal Espinosa to second
Runner from 2nd tries for 3rd, SAFE, throw by RF made at trailing runner, OUT! 9-6
Top of the 4th over - 0 runs, 2 hits, 0 errors, 1 left on base; Norfolk 1 - Round Rock 3
BOTTOM OF THE 4TH
Round Rock Express batting - Pitching for Norfolk Tides : LHP Ace Ventura
Batting: RHB Jimmy Hammertime 0-0: Called Strike
0-1: Swinging Strike
0-2: Ball
1-2: DOUBLE (Flyball, 89XD, EV 103.1 MPH)
Batting: RHB Zhi-bin Ou-yang 0-0: Ball
1-0: Fly out, F3 (Line Drive, 3, EV 68.8 MPH)
Batting: RHB Rick Concha 0-0: Ground out 6-3 (Groundball, 6MS, EV 85.6 MPH)
Jimmy Hammertime to third
Batting: LHB Jeff Densmore 0-0: Foul Ball, location: 2F
0-1: Ball
1-1: Ball
2-1: Called Strike
2-2: Foul Ball, location: 2F
2-2: Strikes out swinging
Bottom of the 4th over - 0 runs, 1 hit, 0 errors, 1 left on base; Norfolk 1 - Round Rock 3
TOP OF THE 5TH
Norfolk Tides batting - Pitching for Round Rock Express : RHP Danny Walker
Batting: RHB R.J. Chapple 0-0: Ball
1-0: Ball
2-0: Called Strike
2-1: Swinging Strike
2-2: Foul Ball, location: 2F
2-2: Ground out 5-3 (Groundball, 56S, EV 86.9 MPH)
Batting: LHB Tom Edwards 0-0: Ground out 6-3 (Groundball, 4M, EV 85.6 MPH)
Batting: SHB Brian Bentz 0-0: Called Strike
0-1: Called Strike
0-2: Strikes out swinging
Top of the 5th over - 0 runs, 0 hits, 0 errors, 0 left on base; Norfolk 1 - Round Rock 3
BOTTOM OF THE 5TH
Round Rock Express batting - Pitching for Norfolk Tides : LHP Ace Ventura
Batting: RHB Cody Flowers 0-0: Foul Ball, location: 2F
0-1: Foul Ball, location: 2F
0-2: Ball
1-2: Foul Ball, location: 2F
1-2: Ball
2-2: Ground out 6-3 (Groundball, 6, EV 99.4 MPH)
Batting: SHB David Simpson 0-0: Foul Ball, location: 2F
0-1: Called Strike
0-2: Ball
1-2: Foul Ball, location: 2F
1-2: Strikes out swinging
Batting: RHB Luis Villanueva 0-0: Called Strike
0-1: SINGLE (Groundball, 6MD, EV 95.0 MPH)
Batting: RHB Orlando Suarez 0-0: Ball
1-0: Fly out, F9 (Flyball, 89S, EV 93.8 MPH)
Bottom of the 5th over - 0 runs, 1 hit, 0 errors, 1 left on base; Norfolk 1 - Round Rock 3
TOP OF THE 6TH
Norfolk Tides batting - Pitching for Round Rock Express : RHP Danny Walker
Batting: RHB Mike Hayward 0-0: Hit by Pitch
Batting: LHB Josh Downs 0-0: Ball
1-0: Called Strike
1-1: Called Strike
1-2: Ball
Mike Hayward is caught stealing 2nd base 2-6
2-2: Strikes out swinging
Batting: RHB Chase Cassidy 0-0: Ball
1-0: Ball
2-0: Foul Ball, location: 2F
2-1: Called Strike
2-2: SINGLE (Groundball, 6MD, EV 100.6 MPH)
Batting: RHB Sal Espinosa 0-0: Ball
1-0: Foul Ball, location: 2F
1-1: Foul Ball, location: 2F
1-2: Foul Ball, location: 2F
1-2: Foul Ball, location: 2F
1-2: Fly out, F8 (Flyball, 8LS, EV 90.6 MPH)
Top of the 6th over - 0 runs, 1 hit, 0 errors, 1 left on base; Norfolk 1 - Round Rock 3
BOTTOM OF THE 6TH
Round Rock Express batting - Pitching for Norfolk Tides : LHP Ace Ventura
Batting: RHB Andrew Clarke 0-0: Foul Ball, location: 2F
0-1: Ball
1-1: SINGLE (Line Drive, 8RS, EV 101.2 MPH)
Batting: RHB Jimmy Hammertime 0-0: Ball
1-0: Foul Ball, location: 2F
1-1: Swinging Strike
1-2: Ball
2-2: Ball
3-2: Base on Balls
Andrew Clarke to second
Batting: RHB Zhi-bin Ou-yang 0-0: Ball
1-0: SINGLE (Groundball, P, EV 91.9 MPH) (infield hit)
Andrew Clarke to third
Jimmy Hammertime to second
Batting: RHB Rick Concha 0-0: Called Strike
0-1: Ball
1-1: Ball
2-1: Ball
3-1: Called Strike
3-2: Reached on error, E5 (Groundball, 56, EV 80.0 MPH)
Andrew Clarke scores
Jimmy Hammertime to third
Zhi-bin Ou-yang to second
Batting: LHB Jeff Densmore 0-0: Called Strike
0-1: Foul Ball, location: 2F
0-2: Ball
1-2: Foul Ball, location: 2F
1-2: Ball
2-2: Ball
3-2: Foul Ball, location: 2F
3-2: Fly out, F7 (Flyball, 78S, EV 88.8 MPH)
Pitching: LHP Kyohei Koyama
Batting: RHB Cody Flowers 0-0: Ball
1-0: Called Strike
1-1: Called Strike
1-2: Ball
2-2: Ball
3-2: Foul Ball, location: 2F
3-2: Foul Ball, location: 2F
3-2: Foul Ball, location: 2F
3-2: Strikes out looking
Batting: SHB David Simpson 0-0: Swinging Strike
0-1: Ball
1-1: Foul Ball, location: 2F
1-2: Foul Ball, location: 2F
1-2: Ball
2-2: Foul Ball, location: 2F
2-2: Foul Ball, location: 2F
2-2: Foul Ball, location: 2F
2-2: SINGLE (Groundball, 4MD, EV 95.6 MPH)
Jimmy Hammertime scores
Zhi-bin Ou-yang to third
Rick Concha to second
Batting: RHB Luis Villanueva 0-0: Swinging Strike
0-1: Foul Ball, location: 2F
0-2: Ball
1-2: Ball
2-2: Ball
3-2: Base on Balls
Zhi-bin Ou-yang scores
Rick Concha to third
David Simpson to second
Batting: RHB Orlando Suarez 0-0: Swinging Strike
0-1: Fly out, F8 (Line Drive, 8RD, EV 90.0 MPH)
Bottom of the 6th over - 3 runs, 3 hits, 1 error, 3 left on base; Norfolk 1 - Round Rock 6
TOP OF THE 7TH
Norfolk Tides batting - Pitching for Round Rock Express : RHP Danny Walker
Batting: RHB Carlos Talavera 0-0: Ball
1-0: Swinging Strike
1-1: Ball
2-1: Ball
3-1: Ground out 6-3 (Groundball, 6, EV 105.6 MPH)
Batting: RHB Geoffrey van der Wekken 0-0: Ball
1-0: SOLO HOME RUN (Flyball, 7D, EV 91.9 MPH), Distance : 366 ft
Batting: RHB R.J. Chapple 0-0: Ball
1-0: Foul Ball, location: 2F
1-1: Ground out 3-1 (Groundball, 34, EV 85.6 MPH)
Batting: LHB Tom Edwards 0-0: Swinging Strike
0-1: Ball
1-1: Called Strike
1-2: Strikes out swinging
Top of the 7th over - 1 run, 1 hit, 0 errors, 0 left on base; Norfolk 2 - Round Rock 6
BOTTOM OF THE 7TH
Round Rock Express batting - Pitching for Norfolk Tides : LHP Kyohei Koyama
Batting: RHB Andrew Clarke 0-0: Called Strike
0-1: Foul Ball, location: 2F
0-2: Ball
1-2: Ball
2-2: Ground out 4-3 (Groundball, 4, EV 85.0 MPH)
Batting: RHB Jimmy Hammertime 0-0: Called Strike
0-1: SINGLE (Line Drive, 78S, EV 100.6 MPH)
Batting: RHB Zhi-bin Ou-yang 0-0: Ball
1-0: Ball
2-0: Fielders Choice at 2nd, 6-4 (Groundball, 56, EV 103.8 MPH)
Batting: RHB Rick Concha 0-0: Ball
1-0: Swinging Strike
1-1: Fly out, F7 (Flyball, 7LM, EV 80.6 MPH)
Bottom of the 7th over - 0 runs, 1 hit, 0 errors, 1 left on base; Norfolk 2 - Round Rock 6
TOP OF THE 8TH
Norfolk Tides batting - Pitching for Round Rock Express : RHP Danny Walker
Batting: SHB Brian Bentz 0-0: Ball
1-0: Ball
2-0: Ball
3-0: Called Strike
3-1: Base on Balls
Pitching: RHP Luis Guerrero
Batting: RHB Mike Hayward 0-0: Called Strike
0-1: Ball
1-1: Grounds into double play, 6-4-3 (Groundball, 6S, EV 89.4 MPH)
Batting: LHB Josh Downs 0-0: Swinging Strike
0-1: Ball
1-1: Called Strike
1-2: Foul Ball, location: 2F
1-2: Ball
2-2: Ground out 4-3 (Groundball, 4, EV 93.8 MPH)
Top of the 8th over - 0 runs, 0 hits, 0 errors, 0 left on base; Norfolk 2 - Round Rock 6
BOTTOM OF THE 8TH
Round Rock Express batting - Pitching for Norfolk Tides : LHP Kyohei Koyama
Pitching: RHP Dustin Wein
Batting: LHB Jeff Densmore 0-0: Ball
1-0: Ground out 5-3 (Groundball, 56, EV 76.2 MPH)
Batting: RHB Cody Flowers 0-0: Called Strike
0-1: Swinging Strike
0-2: Ball
1-2: Ball
2-2: Foul Ball, location: 2F
2-2: Ball
3-2: Base on Balls
Batting: SHB David Simpson 0-0: Called Strike
Cody Flowers is caught stealing 2nd base 2-6
0-1: SINGLE (Flyball, 6D, EV 91.9 MPH)
Batting: RHB Luis Villanueva 0-0: Ball
David Simpson is caught stealing 2nd base 2-4
Bottom of the 8th over - 0 runs, 1 hit, 0 errors, 0 left on base; Norfolk 2 - Round Rock 6
TOP OF THE 9TH
Norfolk Tides batting - Pitching for Round Rock Express : RHP Luis Guerrero
Pitching: RHP Jesse Lawlis
Batting: RHB Chase Cassidy 0-0: Swinging Strike
0-1: Called Strike
0-2: Foul Ball, location: 2F
0-2: Ball
1-2: Strikes out swinging
Batting: RHB Sal Espinosa 0-0: Ground out 6-3 (Groundball, 6, EV 91.9 MPH)
Batting: RHB Carlos Talavera 0-0: Ball
1-0: Ball
2-0: Swinging Strike
2-1: Reached on error, E3 (Groundball, 13, EV 89.4 MPH)
Batting: RHB Geoffrey van der Wekken 0-0: Ball
1-0: Swinging Strike
1-1: Swinging Strike
1-2: Strikes out looking
Top of the 9th over - 0 runs, 0 hits, 1 error, 1 left on base; Norfolk 2 - Round Rock 6
Thursday, March 31st , 2022 - OOTP Baseball 22.12 Build 89